 Dungeon Crawl Stone Soup version 0.31.0-32-g396128a36d (webtiles) character file.

Game seed: 8062168244176885850

20842 Dean the Warrior (level 12, -6/186 HPs)
             Began as a Minotaur Berserker on Apr 5, 2024.
             Was a High Priest of Trog.
             Incinerated by a deep elf pyromancer (7 damage)
             ... with a pyre arrow
             ... on level 13 of the Dungeon on Apr 8, 2024.
             The game lasted 01:26:10 (12900 turns).

Dean the Warrior (Minotaur Berserker)              Turns: 12900, Time: 01:26:10

Health: -6/186     AC: 20    Str: 28    XL:     12   Next: 48%
Magic:  11/11      EV: 13    Int:  4    God:    Trog [*****.]
Gold:   490        SH:  0    Dex:  9    Spells: 11/11 levels left

rFire   . . .        o - +3 halberd (elec)
rCold   . . .        (shield currently unavailable)
rNeg    . . .        f - +1 plate armour
rPois   .            (helmet restricted)
rElec   .            (no cloak)
rCorr   .            D - +1 pair of gloves
SInv    .            (no boots)
Will    .....        S - amulet of regeneration Stlth
                     j - +5 ring of evasion
HPRegen 1.31/turn    l - ring of flight
MPRegen 0.12/turn

%: no passive effects
@: berserking, on fire, flying, glowing, very quick
A: horns 2, retaliatory headbutt, shaggy fur 1, subdued magic 1
a: Renounce Religion, Berserk, Trog's Hand, Brothers in Arms


You were on level 13 of the Dungeon.
You worshipped Trog.
Trog was extremely pleased with you.
You visited 2 branches of the dungeon, and saw 14 of its levels.

You collected 805 gold pieces.
You spent 315 gold pieces at shops.

Inventory:

Hand Weapons
 h - a +3 vampiric short sword
 o - a +3 halberd of electrocution (weapon)
 r - a +2 whip of holy wrath
 C - a +4 quarterstaff of chaos
 E - a +4 trident of freezing
 G - the +2 hand axe of Poizinn {vamp, Will+}
   (You found it on level 4 of the Dungeon)

   Will+:     It increases your willpower.
 U - a +5 flail
Missiles
 H - 6 silver javelins
 K - 2 atropa-tipped darts
 R - 21 poisoned darts
Armour
 b - a +2 ring mail of cold resistance
 f - a +1 plate armour (worn)
 D - a +1 pair of gloves (worn)
Magical Staves
 c - a staff of conjuration
 p - a staff of fire
 I - a staff of air
Jewellery
 d - a ring of ice
 j - a +5 ring of evasion (left hand)
 k - an amulet of guardian spirit
 l - a ring of flight (right hand)
 x - a ring of poison resistance
 O - a ring of willpower
 Q - an amulet of magic regeneration
 S - an amulet of regeneration (around neck)
 Y - a ring of flight
Talismans
 J - a maw talisman
 N - a serpent talisman
Wands
 w - a wand of iceblast (12)
 y - a wand of mindburst (10)
 z - a wand of charming (14)
 A - a wand of polymorph (3)
Scrolls
 e - 2 scrolls of noise
 m - 5 scrolls of identify
 n - a scroll of enchant weapon
 q - a scroll of amnesia
 v - a scroll of enchant armour
 F - 4 scrolls of teleportation
 L - a scroll of vulnerability {unknown}
 P - 2 scrolls of silence
Potions
 a - a potion of ambrosia {unknown}
 g - 3 potions of attraction
 i - a potion of mutation (quivered)
 s - 2 potions of invisibility
 t - 6 potions of curing
 u - 2 potions of cancellation
 B - a potion of might
 W - a potion of brilliance


   Skills:
 * Level 16.7 Fighting
 - Level 10.0(11.9) Axes
 * Level 10.4(12.1) Polearms
 * Level 12.8 Armour
 - Level 2.1 Dodging


You had 11 spell levels left.
You didn't know any spells.
Your spell library contained the following spells:

 Spells                   Type           Power      Damage    Failure   Level
 Sandblast                Erth           0%         2d4       98%         1
 Dazzling Flash           Conj/Hex       0%         N/A       100%        3
 Gell's Gravitas          Tloc           0%         N/A       100%        3
 Mephitic Cloud           Conj/Alch/Air  0%         N/A       100%        3
 Passwall                 Erth           0%         N/A       100%        3
 Stone Arrow              Conj/Erth      0%         3d7       100%        3
 Teleport Other           Tloc           0%         N/A       100%        3
 Brom's Barrelling Bould  Conj/Erth      0%         2d3       100%        4
 Curse of Agony           Necr           0%         N/A       100%        5
 Silence                  Hex/Air        0%         N/A       100%        5
 Dispersal                Tloc           0%         N/A       100%        6


Dungeon Overview and Level Annotations

Branches:
Dungeon (13/15)            Temple (1/1) D:4            Lair (0/5) D:9
    Orc (0/2) D:10
 Vaults: D:13-14

Altars:
Ashenzari
Cheibriados
Dithmenos
Elyvilon
Fedhas
Gozag
Hepliaklqana
Kikubaaqudgha
Makhleb
Nemelex Xobeh
Okawaru
Qazlal
Ru
Sif Muna
Trog
Uskayaw
Vehumet
Wu Jian
Xom
Yredelemnul
Zin
The Shining One

Shops:
D:8 !   D:10 ([=


Innate Abilities, Weirdness & Mutations

You have a pair of horns on your head.
You reflexively headbutt those who attack you in melee.
You are covered in fur. (AC +1)
Your spells are a little easier to cast, but a little less powerful.


Message History

The fire elemental burns you!
The deep elf pyromancer casts a spell at you.
The pyre arrow hits you.
You are covered in intense liquid fire!
You see here a basilisk corpse.
You slash the fire elemental!
Your headbutt misses the fire elemental.
The fire elemental is heavily damaged.
The liquid fire burns you! The fire elemental hits you.
The fire elemental burns you! The fire elemental hits you.
The fire elemental burns you! The fire elemental hits you.
The fire elemental burns you! The fire elemental hits you.
The fire elemental burns you!
A red film seems to cover your vision as you go berserk!
You feel yourself moving faster!
You feel mighty! The liquid fire burns you!
The deep elf pyromancer gestures at you while chanting.
The pyre arrow hits you.
You are even more covered in intense liquid fire!
The fire elemental hits you. The fire elemental burns you!
* * * LOW HITPOINT WARNING * * *
The fire elemental hits you. The fire elemental burns you!
* * * LOW HITPOINT WARNING * * *
You closely miss the fire elemental. The liquid fire burns you!
* * * LOW HITPOINT WARNING * * *
The deep elf pyromancer gestures at you while chanting.
The bolt of fire hits you!!
* * * LOW HITPOINT WARNING * * *
The bolt of fire hits the fire elemental.
The fire elemental completely resists.
The fire elemental misses you. The fire elemental hits you.
The fire elemental burns you!
* * * LOW HITPOINT WARNING * * *
You are too berserk!
You are too berserk!
You are too berserk!
You are too berserk!
You shake off some of the fire as you move.
The liquid fire burns you!
You die...

...............#
..............#
..†...........#
..............#
...........####
...........†##### #
.........>#.....####.#
..........#..........#
..........#...E.@....#
.....(....#.#.$†E....#
#########.#.#........#
#.#.#........#
#.#.....e....
#.#...........
#.#...........
............
########....


You could see a deep elf pyromancer and 2 fire elementals.

Vanquished Creatures
  Erolcha (D:12)
  The ghost of cfcfcfcfcf the Cleaver, a novice MiFi of Okawaru (D:8)
  6 two-headed ogres
  2 tengu warriors
  The ghost of ripuliukko the Thaumaturge, a novice GrEE of Vehumet (D:9)
  A deep elf pyromancer (D:9)
  An ugly thing (D:13)
  A manticore (D:9)
  2 cyclopes (D:12)
  A gargoyle (D:9)
  An unseen horror (D:11)
  A kobold demonologist (D:12)
  A komodo dragon (D:12)
  2 tengu conjurers (D:13)
  5 trolls
  Grinder (D:3)
  3 hornets
  3 shadows
  2 wyverns
  Sigmund (D:2)
  4 wraiths
  5 yaks
  A basilisk (D:13)
  A warg (D:9)
  2 steam dragons (D:8)
  10 vampire mosquitoes
  An acid dragon (D:9)
  2 water moccasins
  Duvessa (D:7)
  5 orc warriors
  A black bear (D:8)
  2 ice beasts
  A sky beast (D:7)
  A laughing skull (D:9)
  2 wolves (D:9)
  3 phantoms (D:6)
  3 centaurs
  A bullfrog (D:6)
  3 kobold brigands
  2 gnoll sergeants
  7 scorpions
  7 wights
  Dowan (D:7)
  2 howler monkeys
  3 electric eels (D:9)
  4 hounds
  2 jellies (D:4)
  Crazy Yiuf (D:3)
  7 orc priests
  A bombardier beetle (D:4)
  4 iguanas
  12 orc wizards
  Terence (D:3)
  Robin (D:3)
  18 gnolls
  7 adders
  2 white imps
  4 ribbon worms
  35 orcs
  7 ball pythons
  11 bats
  9 endoplasms
  A giant cockroach (D:1)
  16 goblins
  10 hobgoblins
  4 jackals (D:1)
  22 kobolds
  4 quokkas
  10 frilled lizards
  8 rats
309 creatures vanquished.

Vanquished Creatures (collateral kills)
  4 yaks (D:9)
4 creatures vanquished.

Grand Total: 313 creatures vanquished

Notes
Turn   | Place    | Note
-------+----------+-------------------------------------------
     0 | D:1      | Dean the Minotaur Berserker began the quest for the Orb.
     0 | D:1      | Reached XP level 1. HP: 19/19 MP: 0/0
   132 | D:1      | Reached XP level 2. HP: 24/27 MP: 1/1
   185 | D:1      | Reached skill level 4 in Fighting
   216 | D:1      | Reached ** piety under Trog
   388 | D:1      | Reached XP level 3. HP: 30/33 MP: 2/2
   970 | D:2      | Noticed Sigmund
   985 | D:2      | Reached skill level 5 in Axes
   998 | D:2      | Killed Sigmund
   999 | D:2      | Reached skill level 5 in Fighting
   999 | D:2      | Reached XP level 4. HP: 42/42 MP: 3/3
   999 | D:2      | Reached XP level 5. HP: 48/48 MP: 4/4
  1037 | D:2      | Found a blossoming altar of Fedhas.
  1490 | D:3      | Noticed Robin
  1501 | D:3      | Killed Robin
  1539 | D:3      | Found an ancient bone altar of Kikubaaqudgha.
  1658 | D:3      | Reached XP level 6. HP: 56/56 MP: 5/5
  1663 | D:3      | Noticed Grinder
  2295 | D:3      | Killed Grinder
  2296 | D:3      | Reached skill level 6 in Fighting
  2387 | D:3      | Reached XP level 7. HP: 63/63 MP: 6/6
  2562 | D:3      | Reached *** piety under Trog
  2626 | D:3      | Noticed Terence
  2630 | D:3      | Killed Terence
  2907 | D:3      | Found a runed translucent door.
  2908 | D:3      | Noticed Crazy Yiuf
  3014 | D:3      | Killed Crazy Yiuf
  3263 | D:4      | Reached skill level 7 in Fighting
  3266 | D:4      | Found a shadowy altar of Dithmenos.
  3267 | D:4      | Found a burning altar of Makhleb.
  3267 | D:4      | Found a hide-covered altar of Uskayaw.
  3267 | D:4      | Found an iron altar of Okawaru.
  3268 | D:4      | Found a snail-covered altar of Cheibriados.
  3268 | D:4      | Found a basalt altar of Yredelemnul.
  3269 | D:4      | Found a radiant altar of Vehumet.
  3269 | D:4      | Found a stormy altar of Qazlal.
  3270 | D:4      | Found a glowing silver altar of Zin.
  3271 | D:4      | Found an opulent altar of Gozag.
  3271 | D:4      | Found a shimmering blue altar of Sif Muna.
  3341 | D:4      | Found a staircase to the Ecumenical Temple.
  3368 | D:4      | Identified the +2 hand axe of Poizinn {vamp, Will+}
  3429 | Temple   | Entered the Ecumenical Temple
  4008 | D:5      | Entered Level 5 of the Dungeon
  4066 | D:5      | Reached XP level 8. HP: 71/73 MP: 7/7
  4117 | D:5      | Reached skill level 10 in Axes
  4320 | D:5      | Reached skill level 8 in Fighting
  4694 | D:6      | Reached skill level 9 in Fighting
  4863 | D:6      | Reached skill level 10 in Fighting
  5766 | D:7      | Reached skill level 11 in Fighting
  5773 | D:7      | Reached XP level 9. HP: 61/89 MP: 4/8
  6038 | D:7      | Reached skill level 12 in Fighting
  6055 | D:7      | Reached **** piety under Trog
  6073 | D:7      | Reached skill level 5 in Armour
  6329 | D:7      | Noticed Dowan
  6330 | D:7      | Noticed Duvessa
  6339 | D:7      | Killed Dowan
  6347 | D:7      | Killed Duvessa
  6904 | D:8      | Gained mutation: Your mind is acute. (Int +4, Str/Dex -1)
                  | [potion of mutation]
  6904 | D:8      | Gained mutation: You have an increased reservoir of magic.
                  | (+10% MP) [potion of mutation]
  6947 | D:8      | Noticed a two-headed ogre
  6952 | D:8      | Killed a two-headed ogre
  6953 | D:8      | Reached skill level 13 in Fighting
  7061 | D:8      | Reached XP level 10. HP: 84/101 MP: 8/10
  7266 | D:8      | Reached skill level 1 in Polearms
  7357 | D:8      | Found Sydgham's Distillery.
  7368 | D:8      | Bought a potion of mutation for 128 gold pieces
  7368 | D:8      | Lost mutation: Your mind is acute. (Int +4, Str/Dex -1)
                  | [potion of mutation]
  7368 | D:8      | Lost mutation: You have an increased reservoir of magic.
                  | (+10% MP) [potion of mutation]
  7368 | D:8      | Gained mutation: You are strong-willed. (Will+) [potion of
                  | mutation]
  7368 | D:8      | Gained mutation: A frigid envelope surrounds you and
                  | freezes all who hurt you. [potion of mutation]
  7369 | D:8      | Lost mutation: You are strong-willed. (Will+) [potion of
                  | mutation]
  7369 | D:8      | Lost mutation: A frigid envelope surrounds you and freezes
                  | all who hurt you. [potion of mutation]
  7369 | D:8      | Gained mutation: Your spells are a little easier to cast,
                  | but a little less powerful. [potion of mutation]
  7369 | D:8      | Gained mutation: You are covered in fur. (AC +1) [potion of
                  | mutation]
  7557 | D:8      | Found a runed translucent gate.
  7557 | D:8      | Found a runed translucent gate.
  7557 | D:8      | Found a runed translucent gate.
  7563 | D:8      | Noticed cfcfcfcfcf's ghost (novice MiFi)
  7581 | D:8      | Killed cfcfcfcfcf's ghost
  7893 | D:9      | Found a runed translucent door.
  7893 | D:9      | Noticed ripuliukko's ghost (novice GrEE)
  7908 | D:9      | Killed ripuliukko's ghost
  7909 | D:9      | Reached skill level 14 in Fighting
  7977 | D:9      | Noticed a gargoyle
  7983 | D:9      | Killed a gargoyle
  8041 | D:9      | Reached skill level 5 in Polearms
  8042 | D:9      | Noticed a tengu warrior
  8053 | D:9      | Noticed a deep elf pyromancer
  8252 | D:9      | Killed a deep elf pyromancer
  8253 | D:9      | Reached XP level 11. HP: 111/111 MP: 10/10
  8258 | D:9      | Killed a tengu warrior
  8259 | D:9      | Reached skill level 10 in Armour
  8389 | D:9      | HP: 4/111 [barbs]
  8417 | D:9      | HP: 3/111 [kobold/+0 dagger (3)]
  8927 | D:9      | Reached skill level 15 in Fighting
  8954 | D:9      | Found a staircase to the Lair.
  9290 | D:9      | Noticed a two-headed ogre
  9294 | D:9      | Killed a two-headed ogre
 10271 | D:10     | Entered Level 10 of the Dungeon
 10369 | D:10     | Found a staircase to the Orcish Mines.
 10427 | D:10     | Found Offuph's Jewellery Emporium.
 10688 | D:10     | Identified the +7 mace of the Gloaming {spect, rN+ Str+2}
 10774 | D:10     | Found Bocax's Antique Armour Emporium.
 10782 | D:10     | Bought a pair of glowing gloves for 187 gold pieces
 10879 | D:10     | Found a hazy altar of Hepliaklqana.
 10918 | D:10     | Found Wim Fon's Antique Weapon Shoppe.
 10992 | D:10     | Noticed a two-headed ogre
 11001 | D:10     | Killed a two-headed ogre
 11619 | D:11     | Noticed a two-headed ogre
 11627 | D:11     | Killed a two-headed ogre
 11990 | D:12     | Reached ***** piety under Trog
 12014 | D:12     | Reached skill level 16 in Fighting
 12014 | D:12     | Reached XP level 12. HP: 122/122 MP: 11/11
 12026 | D:12     | Noticed a two-headed ogre
 12031 | D:12     | Killed a two-headed ogre
 12232 | D:12     | Noticed a two-headed ogre
 12235 | D:12     | Killed a two-headed ogre
 12253 | D:12     | Found a gate leading to a gauntlet.
 12329 | D:12     | Noticed Erolcha
 12343 | D:12     | Killed Erolcha
 12540 | D:13     | Found a bloodstained altar of Trog.
 12594 | D:13     | Reached skill level 10 in Polearms
 12662 | D:13     | Noticed a tengu warrior
 12677 | D:13     | Killed a tengu warrior
 12899 | D:13     | HP: 1/186 [fire elemental[a deep elf pyromancer] (12)]
 12900 | D:13     | Incinerated by a deep elf pyromancer

Illustrated notes

Levels and vault maps discovered:
D:1:      spicycebolla_arrival_ecumenical, layout_basic, minmay_lizard_king
D:2:      layout_basic, basic_altar, uniq_sigmund
D:3:      layout_loops_ring, mainiacjoe_overflow_brackets, uniq_robin,
          uniq_grinder, uniq_crazy_yiuf_cottage, uniq_terence
D:4:      layout_loops_cross, nicolae_overflows_in_rows,
          minmay_temple_entry_drinking_statues
D:5:      layout_rooms, minmay_misc_feat_rugged, serial_park_tiny_pond
D:6:      layout_basic
D:7:      layout_basic, kennysheep_generic_room_5, uniq_duvessa
D:8:      layout_basic, serial_shops, shop, gammafunk_ghost_spectres
D:9:      statuecave_lemuel, layout_basic, erik_lair_orcish_takeover,
          gammafunk_ghost_grave, hangedman_corner_corridor
D:10:     layout_stronghold, worldfamousw_hep_ancestral_shrine, david_orc_3,
          serial_shops, nicolae_shop_stone, nicolae_shop_dealshenge, shop,
          minivault_11
D:11:     layout_gridville, feat_on_display
D:12:     layout_rooms, gauntlet_entry_generic, uniq_erolcha
D:13:     layout_basic, gammafunk_ghost_arena, trog_butcher_becter
Temple:   grunt_temple_mini_profane

Skill      XL: |  1  2  3  4  5  6  7  8  9 10 11 12 |
---------------+-------------------------------------+-----
Axes           | 4 6 7 8 9 10 | 10.0
Fighting       | 4 5 6 7 11 13 14 16 | 16.7
Armour         | 7 9 11 12 | 12.8
Polearms       | 6 9 10 | 10.4
Dodging        | |  2.1

Action                     |  1- 3 |  4- 6 |  7- 9 | 10-12 || total
---------------------------+-------+-------+-------+-------++-------
  Melee: Hand axe          |    78 |    70 |   230 |       ||   378
         Headbutt          |    10 |    12 |    63 |    67 ||   152
         Punch             |     2 |       |     2 |       ||     4
         Quarterstaff      |       |       |    31 |       ||    31
         Battleaxe         |       |       |    73 |    11 ||    84
         Halberd           |       |       |       |   364 ||   364
 Invoke: Berserk           |     1 |     3 |     6 |     8 ||    18
         Trog's Hand       |       |     1 |     2 |     2 ||     5
         Brothers in Arms  |       |       |       |     1 ||     1
    Use: Potion            |     2 |       |    10 |    10 ||    22
         Scroll            |       |     2 |       |    11 ||    13
 Armour: Animal skin       |    17 |       |       |       ||    17
         Skin              |    16 |       |       |       ||    16
         Ring mail         |    13 |    27 |   117 |    31 ||   188
         Plate armour      |       |       |    85 |   369 ||   454
  Dodge: Dodged            |    43 |    49 |   244 |   247 ||   583
